Map: Romanticide LE

Players

Seither

  • Race: Terran Terran
  • League: Grandmaster

Ranger - Winner!

  • Race: Protoss Protoss
  • League: Grandmaster

Event: DreamHack SC2 Masters 2021 Summer

VOD

Have the link to the VOD?

Description

Time

  • Played on: May 22, 2021, 5:05 a.m.
  • Length: 21:15

All games in this series

Show
View Real Time Build Order
Export as new Build Order

Seither Terran 

Build Orders:  

Get SALT Encoding   

  12  0:00  SCV  
  13  0:12  SCV  
  14  0:17  Supply Depot  
  14  0:24  SCV  
  15  0:39  SCV  
  15  0:40  Barracks  
  16  0:44  Refinery  
  16  0:51  SCV  
  17  1:03  SCV  
  18  1:15  SCV  
  19  1:27  Marine  
  19  1:28  Orbital Command  
  20  1:44  Command Center  
  20  1:55  SCV  
  20  1:58  Factory  
  21  2:04  Barracks Reactor  
  21  2:08  Supply Depot  
  21  2:11  SCV  
  22  2:19  Bunker  
  22  2:23  SCV  
  23  2:35  SCV  
  24  2:44  Starport  
  24  2:47  Hellion x2  
  24  2:50  SCV  
  29  2:52  Refinery  
  29  2:57  Orbital Command  
  29  3:03  SCV  
  30  3:13  Hellion x2  
  30  3:18  SCV  
  35  3:21  Barracks Tech Lab  
  35  3:25  Medivac  
  35  3:27  SCV  
  38  3:34  SCV  
  38  3:38  Supply Depot  
  38  3:39  SCV  
  40  3:46  Marine x2  
  40  3:47  Siege Tank  
  45  3:54  Barracks  
  45  3:57  Barracks  
  45  4:00  SCV x2  
  47  4:04  Marine x2  
  47  4:05  Supply Depot  
  49  4:12  SCV x2  
  51  4:22  Marine x2  
  51  4:27  Siege Tank  
  54  4:32  SCV x2  
  54  4:34  Engineering Bay  
  56  4:39  Marine  
  56  4:40  Marine  
  56  4:44  Barracks Tech Lab, SCV x2  
  56  4:45  Barracks Tech Lab  
  60  4:46  Supply Depot  
  58  4:53  Refinery  
  58  4:56  SCV x2  
  58  4:57  Marine x2  
  62  5:06  Marauder  
  62  5:07  Stimpack, Marauder  
  62  5:09  Terran Infantry Weapons Level 1  
  62  5:13  SCV  
  62  5:14  SCV  
  66  5:16  Supply Depot, Marine  
  66  5:17  Marine  
  66  5:20  Factory Reactor  
  68  5:26  SCV x2  
  68  5:28  Refinery  
  70  5:35  Starport Reactor  
  70  5:37  Marine x2  
  70  5:38  Marauder x2  
  70  5:42  SCV x2  
  78  5:43  Supply Depot  
  78  5:45  Supply Depot  
  78  5:46  Combat Shield  
  78  6:05  Widow Mine x2, Marauder, Supply Depot, SCV x2  
  78  6:06  Marauder, Marine x2  
  78  6:11  Supply Depot  
  90  6:12  Medivac  
  90  6:13  Medivac  
  94  6:22  Supply Depot  
  94  6:25  Marine x2  
  94  6:28  Widow Mine x2  
  98  6:38  Marauder x2  
  100  6:47  Concussive Shells  
  99  6:54  Command Center  
  99  6:56  Medivac, Widow Mine x2, Marine x2  
  99  6:57  Medivac  
  99  6:59  SCV x2  
  110  7:04  Marauder x2  
  110  7:16  Terran Infantry Armor Level 1  
  110  7:17  Barracks  
  110  7:18  Barracks  
  110  7:19  SCV x2  
  112  7:24  Widow Mine x2  
  116  7:32  Marauder  
  118  7:38  Supply Depot  
  118  7:39  Supply Depot  
  118  7:49  Ghost Academy, SCV  
  118  7:59  Marine x2  
  118  8:00  Medivac x2, Marauder  
  118  8:01  Marauder, SCV  
  118  8:03  Supply Depot  
  118  8:04  Widow Mine x2  
  118  8:05  Supply Depot  
  133  8:08  SCV  
  134  8:13  Barracks Tech Lab, Barracks Reactor, SCV  
  135  8:20  SCV  
  135  8:21  Orbital Command  
  135  8:25  SCV  
  135  8:26  Ghost x2  
  141  8:27  Marine x2  
  141  8:33  Ghost  
  145  8:38  SCV x2  
  145  8:40  Enhanced Shockwaves  
  143  8:50  Marine x3  
  143  8:51  Marine  
  143  8:53  Refinery  
  143  8:54  Refinery, Supply Depot  
  147  8:56  Supply Depot  
  145  9:11  Ghost x2  
  145  9:12  Marine x2  
  145  9:17  SCV x3  
  150  9:19  Command Center  
  146  9:32  Marauder, Marine x2  
  150  9:40  Marauder  
  150  9:41  Marine x2  
  150  9:42  Marauder  
  150  9:50  Marine  
  148  9:52  Marine  
  148  9:54  Marauder  
  148  9:57  Engineering Bay  
  148  9:58  Armory  
  148  9:59  Marine x2  
  153  10:02  Marauder  
  153  10:03  Marauder  
  151  10:09  Marine  
  151  10:13  SCV x3  
  153  10:15  Marauder  
  153  10:17  Medivac x2  
  159  10:23  Marauder  
  159  10:24  Barracks  
  159  10:25  Barracks x2, SCV x2  
  163  10:28  SCV  
  163  10:32  Marine x3  
  163  10:34  Missile Turret  
  163  10:35  Sensor Tower  
  167  10:37  SCV x2  
  161  10:51  Marauder x3, Marine x3  
  170  11:02  Marine  
  161  11:08  Marine  
  162  11:12  Marauder x2  
  162  11:13  Ghost  
  162  11:14  Terran Infantry Weapons Level 2, Terran Infantry Armor Level 2  
  162  11:17  Barracks Tech Lab x2, Barracks Reactor  
  165  11:31  Marine x2  
  165  11:33  Ghost x2  
  147  11:41  Marauder, Marine x2  
  147  11:42  Ghost  
  147  11:43  Medivac x2  
  155  11:48  SCV x3  
  158  11:58  Bunker  
  158  12:00  Marauder, Marine  
  161  12:01  Ghost x2  
  161  12:03  Marauder  
  167  12:11  Marauder  
  169  12:17  Marine x3  
  169  12:21  Marauder  
  173  12:24  Marauder  
  173  12:25  Planetary Fortress  
  171  12:31  Marauder x2  
  171  12:33  Marauder, Marine x2  
  171  12:35  Orbital Command  
  166  12:43  Marauder, Marine x3  
  143  12:46  Marauder  
  143  12:47  Marine  
  143  12:51  Marine x2  
  117  12:52  Marauder x2  
  117  12:55  Marauder, SCV  
  120  13:00  Marine  
  120  13:04  Marauder  
  123  13:07  Marauder  
  123  13:09  Marine x2  
  123  13:13  Marauder  
  123  13:16  Missile Turret  
  121  13:25  Ghost  
  121  13:26  Ghost  
  124  13:38  Marine x3  
  124  13:39  Marauder x2  
  124  13:40  SCV  
  132  13:48  Orbital Command  
  127  13:49  Terran Infantry Weapons Level 3  
  127  13:51  Marine  
  125  13:57  Marine  
  125  13:58  Marauder  
  124  14:05  Marine  
  124  14:06  Marauder x2, Marine  
  120  14:21  Marauder, Marine x2  
  120  14:22  Marauder  
  126  14:28  Viking x2  
  128  14:39  Ghost x2, Marine  
  128  14:40  Marine x4  
  137  14:46  Widow Mine  
  137  14:47  Widow Mine  
  137  14:52  Marine x2, Missile Turret  
  145  14:53  Marauder x2  
  139  15:01  Marine x3  
  140  15:08  Marauder x2  
  140  15:11  Marauder  
  140  15:14  Marauder x2, Marine x3, Sensor Tower  
  145  15:17  Orbital Command  
  137  15:30  Marauder  
  137  15:31  Marauder, Marine x3  
  137  15:32  Marauder  
  145  15:36  Marauder  
  127  15:52  Marine x2  
  127  15:53  Marauder x2  
  127  15:54  Marine x2  
  135  15:58  Marine  
  107  16:14  Marauder, Marine  
  107  16:15  Medivac x2  
  102  16:21  Marine  
  102  16:22  Marauder, Marine  
  102  16:38  Marine  
  102  16:39  Marauder x2, Marine  
  97  16:47  Marine x3  
  97  16:48  Marauder  
  97  16:51  Widow Mine x2  
  97  16:53  Medivac x2  
  110  16:59  Marauder, Marine x2  
  114  17:12  Marine x2  
  114  17:13  Marauder x3, Marine  
  120  17:16  Marauder, Marine x2  
  120  17:17  Marine  
  120  17:21  Marauder  
  126  17:30  Marine x3  
  126  17:32  Widow Mine  
  126  17:33  Widow Mine, Marine  
  126  17:34  Marauder x2  
  126  17:35  Marauder  
  139  17:41  Marauder, Marine x2  
  139  17:42  Marauder  
  145  17:48  Marine  
  145  17:50  Medivac x2  
  150  17:54  Widow Mine  
  150  17:56  Ghost  
  150  17:57  Ghost  
  146  18:23  Ghost x2, Marine x3  
  143  18:27  Orbital Command  
  139  18:39  Medivac x2  
  135  18:59  Ghost, Marine  
  138  19:03  Ghost x2  
  140  19:11  Orbital Command  
  130  19:25  Ghost  
  108  19:45  Orbital Command  
  108  20:08  Marine x2  
  108  20:09  Marauder x2  
Show
View Real Time Build Order
Export as new Build Order

Ranger Protoss - Winner!

Build Orders: 1 Gate Expand, Phoenix Opening, Colossus Rush 

Get SALT Encoding   

  12  0:00  Probe  
  13  0:12  Probe  
  14  0:17  Pylon  
  14  0:24  Probe (Chrono Boost)  
  15  0:37  Probe (Chrono Boost), Gateway  
  16  0:45  Probe (Chrono Boost)  
  16  0:46  Assimilator  
  17  0:51  Probe  
  18  1:03  Probe  
  19  1:15  Probe  
  20  1:24  Cybernetics Core  
  20  1:27  Probe  
  21  1:33  Nexus  
  21  1:40  Pylon  
  21  1:44  Probe  
  22  1:47  Assimilator  
  22  1:56  Probe  
  22  1:58  Adept (Chrono Boost)  
  25  2:01  Warp Gate  
  25  2:08  Probe (Chrono Boost)  
  26  2:18  Probe (Chrono Boost)  
  26  2:21  Sentry  
  29  2:28  Probe  
  30  2:30  Gateway  
  30  2:43  Probe (Chrono Boost)  
  31  2:44  Twilight Council  
  31  2:47  Stalker, Probe (Chrono Boost)  
  34  2:54  Phoenix  
  34  2:56  Probe (Chrono Boost)  
  34  2:57  Probe (Chrono Boost)  
  36  3:04  Probe  
  37  3:08  Probe  
  38  3:14  Shield Battery  
  38  3:17  Stalker, Probe, Gateway  
  41  3:23  Probe  
  42  3:28  Robotics Facility  
  42  3:29  Probe  
  42  3:31  Shield Battery  
  43  3:35  Probe  
  43  3:38  Pylon  
  44  3:41  Probe  
  45  3:51  Probe  
  46  3:56  Stalker  
  46  3:57  Stalker  
  46  3:58  Probe  
  51  4:02  Pylon  
  51  4:04  Blink (Chrono Boost), Probe  
  52  4:10  Probe  
  52  4:11  Assimilator  
  52  4:15  Pylon  
  52  4:17  Observer  
  51  4:26  Probe  
  51  4:29  Probe  
  53  4:31  Nexus  
  53  4:38  Probe  
  53  4:40  Stalker  
  53  4:43  Probe  
  57  4:50  Probe  
  58  4:55  Probe  
  58  4:58  Forge, Robotics Bay  
  59  5:02  Assimilator  
  59  5:05  Stalker x2  
  63  5:07  Probe  
  63  5:09  Probe  
  65  5:17  Pylon  
  65  5:19  Probe  
  65  5:21  Probe  
  67  5:28  Stalker  
  68  5:36  Protoss Ground Weapons Level 1 (Chrono Boost)  
  68  5:37  Probe x2  
  68  5:41  Pylon  
  70  5:43  Colossus (Chrono Boost)  
  70  5:46  Gateway  
  70  5:48  Gateway  
  70  5:49  Probe (Chrono Boost)  
  77  5:54  Charge  
  77  5:56  Probe (Chrono Boost)  
  79  5:57  Probe (Chrono Boost)  
  79  5:58  Probe (Chrono Boost)  
  79  6:03  Probe x2 (Chrono Boost)  
  82  6:07  Extended Thermal Lance, Gateway  
  82  6:08  Gateway  
  83  6:15  Probe x2  
  83  6:17  Stalker  
  86  6:20  Shield Battery  
  86  6:23  Probe  
  87  6:26  Stalker  
  87  6:31  Pylon  
  89  6:33  Colossus (Chrono Boost)  
  89  6:34  Probe  
  96  7:00  Zealot x4  
  102  7:13  Zealot x2  
  102  7:15  Colossus (Chrono Boost)  
  102  7:16  Gateway  
  102  7:17  Gateway  
  102  7:19  Gateway  
  102  7:21  Gateway  
  108  7:24  Pylon  
  108  7:25  Nexus  
  108  7:26  Pylon  
  108  7:27  Pylon  
  108  7:28  Pylon  
  108  7:40  Protoss Ground Armor Level 1 (Chrono Boost)  
  108  7:44  Zealot x5  
  108  7:45  Zealot  
  120  7:51  Pylon  
  120  7:57  Pylon  
  120  7:58  Photon Cannon, Dark Shrine  
  120  8:01  Pylon, Shield Battery  
  120  8:04  Shield Battery  
  120  8:16  Zealot x7  
  120  8:17  Zealot  
  136  8:20  Probe  
  136  8:21  Probe x2  
  139  8:29  Photon Cannon  
  139  8:33  Photon Cannon  
  137  8:39  Probe x2  
  137  8:40  Probe  
  138  8:45  Zealot x3  
  143  8:51  Photon Cannon  
  149  9:05  Forge, Probe x3  
  148  9:17  Shadow Stride (Chrono Boost)  
  146  9:18  Dark Templar x3  
  146  9:21  Dark Templar x2  
  146  9:22  Dark Templar  
  150  9:36  Probe x4  
  151  9:40  Pylon  
  151  9:42  Pylon  
  151  9:44  Pylon  
  150  9:50  Robotics Facility  
  144  9:54  Robotics Facility  
  144  9:57  Stalker x7  
  158  10:05  Probe x2  
  158  10:06  Probe  
  157  10:13  Dark Templar x2  
  161  10:14  Protoss Ground Armor Level 2 (Chrono Boost)  
  161  10:15  Dark Templar  
  163  10:21  Nexus  
  163  10:23  Pylon  
  163  10:27  Probe x2  
  163  10:28  Probe  
  166  10:29  Assimilator  
  166  10:33  Assimilator  
  160  10:44  Zealot x7  
  160  10:45  Disruptor x2 (Chrono Boost)  
  174  10:55  Stalker  
  174  10:56  Zealot  
  178  10:57  Zealot  
  178  10:58  Probe x2  
  178  11:13  Stalker x5  
  178  11:16  Protoss Ground Weapons Level 2 (Chrono Boost)  
  150  11:41  Stalker x2  
  150  11:42  Stalker x4, Zealot x4  
  150  11:45  Probe x4  
  150  11:46  Probe  
  163  11:48  Disruptor (Chrono Boost)  
  163  11:49  Warp Prism (Chrono Boost)  
  168  12:00  Probe  
  169  12:07  Dark Templar x2  
  173  12:16  Zealot x8  
  173  12:19  Photon Cannon  
  173  12:20  Shield Battery  
  173  12:21  Assimilator  
  189  12:24  Assimilator  
  119  12:52  Zealot x10  
  119  12:56  Warp Prism (Chrono Boost)  
  119  12:57  Disruptor (Chrono Boost)  
  128  13:06  Probe x3  
  129  13:19  Stalker x10  
  135  13:25  Protoss Ground Armor Level 3 (Chrono Boost)  
  119  13:29  Disruptor (Chrono Boost)  
  119  13:30  Disruptor (Chrono Boost)  
  119  13:33  Probe  
  121  13:42  Zealot x5  
  121  13:43  Zealot x5, Nexus  
  125  13:57  Colossus  
  121  14:09  Zealot x10  
  136  14:22  Probe  
  137  14:29  Dark Templar  
  137  14:35  Colossus  
  137  14:38  Stalker x2  
  137  14:39  Stalker x7  
  155  14:51  Colossus (Chrono Boost)  
  161  15:07  Zealot x9  
  161  15:08  Zealot  
  179  15:14  Nexus  
  157  15:29  Disruptor (Chrono Boost)  
  157  15:31  Zealot x10  
  158  15:36  Protoss Ground Weapons Level 3 (Chrono Boost)  
  139  15:53  Zealot x9  
  155  15:57  Dark Templar  
  130  16:15  Stalker x8  
  125  16:21  Disruptor x2  
  129  16:28  Dark Templar  
  131  16:37  Dark Templar  
  131  16:38  Dark Templar x4  
  131  16:39  Dark Templar  
  139  16:54  Pylon  
  137  17:01  Colossus (Chrono Boost)  
  137  17:02  Colossus (Chrono Boost)  
  144  17:22  Zealot x10  
  158  17:44  Templar Archives  
  158  17:45  Zealot x9, Disruptor x2 (Chrono Boost)  
  158  17:46  Zealot  
  184  17:53  Nexus  
  172  18:12  Zealot x10  
  186  18:14  Disruptor x2  
  182  18:33  Protoss Shields Level 1 (Chrono Boost)  
  182  18:38  Stalker x6  
  187  18:51  Dark Templar  
  187  18:52  Dark Templar  
  183  19:08  Dark Templar x2  
  183  19:09  Dark Templar x3  
  192  19:15  Colossus (Chrono Boost)  
  186  19:27  Pylon  
  174  19:32  Photon Cannon  
  174  19:34  Pylon  
  166  19:39  Photon Cannon  
  166  19:43  Stalker x3  
  166  19:44  Zealot x2  
  156  20:07  Assimilator  
  156  20:11  Nexus  
  156  20:12  Stalker, Zealot  
  156  20:13  Zealot x3  
  158  20:19  Assimilator  
  157  20:36  Pylon  
  157  20:37  Pylon  
  157  20:38  Pylon  
  128  20:59  Zealot x4  
Tags
 
Add a new tag
Caveats
  • Supply blocks, unpowered buildings, or Contaminate may cause inaccurate times.
  • Supply counts are checked every 10 seconds.